 Dungeon Crawl Stone Soup version 0.27-a0-1186-g8b4daa1eef (webtiles) character file.

Game seed: 17251764885053928791

1040 karrick the Caller (level 8, -2/58 HPs)
             Began as a Gnoll Summoner on May 19, 2021.
             Slain by an orc warrior
             ... wielding a +0 war axe
              (9 damage)
             ... in a bailey.
             The game lasted 00:19:16 (7949 turns).

karrick the Caller (Gnoll Summoner)                 Turns: 7949, Time: 00:19:17

Health: -2/58      AC:  6    Str:  8    XL:     8   Next: 24%
Magic:  8/25       EV: 14    Int: 15    God:
Gold:   385        SH:  0    Dex: 14    Spells: 8/18 levels left

rFire    . . .     SeeInvis .   G - +1 dagger (venom)
rCold    . . .     Faith    .   (no shield)
rNeg     . . .     Spirit   .   a - +0 robe
rPois    .         Reflect  .   w - +2 hat
rElec    .         Harm     .   J - +0 cloak
rCorr    .         Rampage  .   f - +0 pair of gloves
Will     .....                  (no boots)
Stlth    +++.......             (no amulet)
HPRegen  0.19/turn              b - ring of magical power
MPRegen  0.19/turn              (no ring)

@: no status effects
A: fangs 1, strong nose, distributed training
a: no special abilities


You were in a bailey.
You visited 1 branch of the dungeon, and saw 7 of its levels.
You also visited: Sewer and Bailey.

You collected 385 gold pieces.

Inventory:

Hand Weapons
 e - a +0 dagger
 z - a +0 halberd
 A - a +0 spear
 G - a +1 dagger of venom (weapon)
 I - a +2 hand axe of freezing
Missiles
 i - 6 javelins
Armour
 a - a +0 robe (worn)
 f - a +0 pair of gloves (worn)
 g - a +0 ring mail
 l - a +0 leather armour
 w - a +2 hat (worn)
 J - a +0 cloak (worn)
Jewellery
 b - a ring of magical power (left hand)
 s - a ring of protection from fire
 t - a ring of protection from fire
Scrolls
 c - 2 scrolls of amnesia
 d - a scroll of brand weapon {unknown}
 m - a scroll of enchant armour {unknown}
 q - 3 scrolls of teleportation
 r - a scroll of fog {unknown}
 B - a scroll of torment {unknown}
 C - a scroll of enchant weapon {unknown}
 H - a scroll of noise {unknown}
Potions
 h - 2 potions of lignification
 j - 2 potions of attraction
 k - a potion of mutation
 o - 5 potions of might
 p - a potion of invisibility
 u - a potion of curing
 v - a potion of haste {unknown}
 x - 4 potions of ambrosia {unknown}
 D - a potion of brilliance {unknown}
 E - 2 potions of resistance {unknown}
 F - a potion of flight {unknown}


   Skills:
 + Level 3.1 Fighting
 + Level 3.1 Short Blades
 + Level 3.1 Long Blades
 + Level 3.1 Axes
 + Level 3.1 Maces & Flails
 + Level 3.1 Polearms
 + Level 3.1 Staves
 + Level 3.1 Slings
 + Level 3.1 Bows
 + Level 3.1 Crossbows
 + Level 3.1 Throwing
 + Level 3.1 Armour
 + Level 5.6 Dodging
 + Level 5.2 Stealth
 + Level 3.1 Shields
 + Level 3.1 Unarmed Combat
 + Level 5.9 Spellcasting
 + Level 2.5 Conjurations
 + Level 2.5 Hexes
 + Level 7.6 Summonings
 + Level 2.5 Necromancy
 + Level 2.5 Translocations
 + Level 2.5 Transmutations
 + Level 2.5 Fire Magic
 + Level 2.5 Ice Magic
 + Level 2.5 Air Magic
 + Level 2.5 Earth Magic
 + Level 2.5 Poison Magic
 + Level 3.4 Invocations
 + Level 3.1 Evocations


You had 8 spell levels left.
You knew the following spells:

 Your Spells              Type           Power      Damage    Failure   Level
a - Summon Small Mammal   Summ           100%       N/A       1%          1
b - Call Imp              Summ           27%        N/A       1%          2
c - Call Canine Familiar  Summ           27%        N/A       1%          3
d - Summon Guardian Gole  Hex/Summ       19%        N/A       5%          3
e - Pain                  Necr           48%        1d6       5%          1

Your spell library contained the following spells:

 Spells                   Type           Power      Damage    Failure   Level
 Animate Skeleton         Necr           24%        N/A       5%          1
 Vampiric Draining        Necr           6%         2d6       16%         3
 Summon Ice Beast         Ice/Summ       19%        N/A       19%         4
 Summon Lightning Spire   Summ/Air       19%        N/A       19%         4
 Animate Dead             Necr           6%         N/A       45%         4
 Agony                    Necr           12%        N/A       82%         5


Dungeon Overview and Level Annotations

Branches:
Dungeon (7/15)             Temple (0/1) D:7           Sewer (visited)
 Bailey (1/1)

Altars:
Ashenzari


Innate Abilities, Weirdness & Mutations

You have very sharp teeth.
Your uncanny sense of smell can sniff out nearby items.
Your experience applies equally to all skills.


Message History

The orc warrior hits your crimson imp with a +0 war axe.
You closely miss the orc warrior.
The orc warrior is heavily wounded.
Your hound misses the orc warrior.
Your crimson imp hits the orc warrior.
The orc warrior completely misses you.
The orc warrior hits your hound with a +0 war axe!
Your hound dies!
Your hound's corpse disappears in a puff of smoke!
The orc warrior hits your crimson imp with a +0 war axe.
Your magical contamination has completely faded away.
You hit the orc warrior but do no damage.
The orc warrior is almost dead.
Your crimson imp barely misses the orc warrior.
The orc warrior hits you with a +0 war axe.
The orc warrior closely misses your crimson imp.
Unknown command.
You hit the orc warrior but do no damage.
The orc warrior looks as sick as possible!
Your bite misses the orc warrior.
The orc warrior is almost dead.
Your crimson imp closely misses the orc warrior.
The orc warrior hits you with a +0 war axe!!
The orc warrior hits your crimson imp with a +0 war axe!
Your crimson imp dies!
Casting: Call Canine Familiar (safe; 1% risk of failure)
Confirm with . or Enter, or press ? or * to list all spells.
A bolt of electricity appears from out of your range of vision.
The bolt of electricity hits your hound!
The orc warrior hits you with a +0 war axe!
* * * LOW HITPOINT WARNING * * *
Unknown command.
You hit the orc warrior but do no damage.
The orc warrior looks as sick as possible!
The orc warrior is almost dead.
A bolt of electricity appears from out of your range of vision.
The bolt of electricity hits your hound!
Your hound dies!
Your hound's corpse disappears in a puff of smoke!
The orc warrior hits you with a +0 war axe!
You die...

#≈≈≈≈≈# #≈≈≈≈≈#
###≈≈≈≈≈#
#.≈≈≈≈≈≈#
#.≈≈≈≈≈.###### +
#.≈≈≈≈≈......#
..#.≈≈≈≈≈......###
..'............§.#
..'........).∩)o@#
..'..............#
..#.≈≈≈≈≈......###
++#.≈≈≈≈≈......#
#.≈≈≈≈≈.######
#.≈≈≈≈≈≈#
###≈≈≈≈≈# #≈≈≈≈≈#
#≈≈≈≈≈#


You could see an orc warrior (extremely poisoned).

Vanquished Creatures
  An orc warrior (Bailey)
  A centaur (D:7)
  2 scorpions
  A howler monkey (D:6)
  A centaur zombie (D:5)
  A jelly (D:6)
  An iguana (D:6)
  An orc wizard (D:6)
  3 adders
  A dart slug (D:4)
  2 worms
  An orc (D:5)
  A giant cockroach (Sewer)
  2 hobgoblins
  3 jackals
  2 kobolds
  A quokka (D:2)
  A ball python (Sewer)
  2 bats
  A frilled lizard (Sewer)
  3 rats
32 creatures vanquished.

Vanquished Creatures (collateral kills)
  A steam dragon (D:7)
  An orc warrior (D:6)
  A sky beast (D:6)
  A black bear (D:6)
  3 ogres
  A scorpion (D:5)
  A water moccasin zombie (D:6)
  A centaur zombie (D:5)
  3 hounds
  An iguana (D:4)
  2 orc wizards (D:6)
  A hound zombie (D:5)
  A howler monkey zombie (D:5)
  4 gnolls (D:5)
  3 adders
  6 worms
  A dart slug (D:1)
  6 orcs
  9 bats
  7 endoplasms
  8 goblins
  2 hobgoblins
  8 jackals
  5 quokkas
  3 ball pythons
  2 frilled lizards (D:1)
  A kobold (D:3)
  A rat (D:1)
84 creatures vanquished.

Grand Total: 116 creatures vanquished

Notes
Turn   | Place    | Note
-------+----------+-------------------------------------------
     0 | D:1      | karrick the Gnoll Summoner began the quest for the Orb.
     0 | D:1      | Reached XP level 1. HP: 13/13 MP: 6/6
   264 | D:1      | Found a faded altar of an unknown god.
   625 | D:1      | Reached XP level 2. HP: 14/19 MP: 7/7
  1355 | D:2      | Reached skill level 5 in Spellcasting
  1355 | D:2      | Reached XP level 3. HP: 15/25 MP: 9/9
  1358 | D:2      | Learned a level 2 spell: Call Imp
  1362 | D:2      | Learned a level 3 spell: Call Canine Familiar
  1366 | D:2      | Learned a level 3 spell: Summon Guardian Golem
  2058 | D:2      | Reached skill level 1 in Invocations
  2339 | D:2      | You fall into a shaft and drop 2 floors!
  2553 | D:3      | Found a glowing drain.
  2564 | D:3      | Reached skill level 1 in Fighting
  2564 | D:3      | Reached skill level 1 in Short Blades
  2564 | D:3      | Reached skill level 1 in Long Blades
  2564 | D:3      | Reached skill level 1 in Axes
  2564 | D:3      | Reached skill level 1 in Maces & Flails
  2564 | D:3      | Reached skill level 1 in Polearms
  2564 | D:3      | Reached skill level 1 in Staves
  2564 | D:3      | Reached skill level 1 in Slings
  2564 | D:3      | Reached skill level 1 in Bows
  2564 | D:3      | Reached skill level 1 in Crossbows
  2564 | D:3      | Reached skill level 1 in Throwing
  2564 | D:3      | Reached skill level 1 in Armour
  2564 | D:3      | Reached skill level 1 in Shields
  2564 | D:3      | Reached skill level 1 in Unarmed Combat
  2564 | D:3      | Reached skill level 1 in Evocations
  2575 | Sewer    | Entered a sewer
  2608 | Sewer    | Reached XP level 4. HP: 23/32 MP: 11/11
  3554 | D:3      | Found a broken altar of Ashenzari.
  4169 | D:4      | Reached skill level 1 in Conjurations
  4169 | D:4      | Reached skill level 1 in Hexes
  4169 | D:4      | Reached skill level 1 in Necromancy
  4169 | D:4      | Reached skill level 1 in Translocations
  4169 | D:4      | Reached skill level 1 in Transmutations
  4169 | D:4      | Reached skill level 1 in Fire Magic
  4169 | D:4      | Reached skill level 1 in Ice Magic
  4169 | D:4      | Reached skill level 1 in Air Magic
  4169 | D:4      | Reached skill level 1 in Earth Magic
  4169 | D:4      | Reached skill level 1 in Poison Magic
  4836 | D:4      | Reached XP level 5. HP: 37/37 MP: 12/12
  4937 | D:5      | Entered Level 5 of the Dungeon
  5337 | D:5      | Reached XP level 6. HP: 43/44 MP: 13/13
  5456 | D:5      | Reached skill level 5 in Dodging
  6208 | D:6      | Reached XP level 7. HP: 35/50 MP: 12/15
  6608 | D:6      | Reached skill level 5 in Stealth
  7318 | D:7      | Reached XP level 8. HP: 48/57 MP: 16/16
  7365 | D:7      | Found a flagged portal.
  7471 | Bailey   | Entered a bailey
  7492 | Bailey   | Learned a level 1 spell: Pain
  7949 | Bailey   | Slain by an orc warrior

Illustrated notes

Levels and vault maps discovered:
D:1:      mrwooster_arrival_statue_2, layout_loops_ring,
          shapermc_ecumenical_altar_mp_urbaneastern
D:2:      layout_loops_cross
D:3:      layout_basic, ashenzari_altar_1, cheibrodos_sewer_entry_sluice
D:4:      layout_gridville
D:5:      layout_loops_ring, dk_vineyard_1
D:6:      layout_basic, grunt_decor_junction
D:7:      layout_rooms, nemelex_spade_bored_becter, general_overflow_altar,
          temple_statues, enter_bailey_8, minmay_misc_feat_ornament
Bailey:   bailey_axe_of_yendor_kennysheep, bailey

Skill      XL: |  1  2  3  4  5  6  7  8 |
---------------+-------------------------+-----
Spellcasting   | 5 |  5.9
Invocations    | 1 2 3 |  3.4
Fighting       | 1 2 3 |  3.1
Short Blades   | 1 2 3 |  3.1
Long Blades    | 1 2 3 |  3.1
Axes           | 1 2 3 |  3.1
Maces & Flails | 1 2 3 |  3.1
Polearms       | 1 2 3 |  3.1
Staves         | 1 2 3 |  3.1
Slings         | 1 2 3 |  3.1
Bows           | 1 2 3 |  3.1
Crossbows      | 1 2 3 |  3.1
Throwing       | 1 2 3 |  3.1
Armour         | 1 2 3 |  3.1
Shields        | 1 2 3 |  3.1
Unarmed Combat | 1 2 3 |  3.1
Evocations     | 1 2 3 |  3.1
Conjurations   | 1 2 |  2.5
Hexes          | 1 2 |  2.5
Necromancy     | 1 2 |  2.5
Translocations | 1 2 |  2.5
Transmutations | 1 2 |  2.5
Fire Magic     | 1 2 |  2.5
Ice Magic      | 1 2 |  2.5
Air Magic      | 1 2 |  2.5
Earth Magic    | 1 2 |  2.5
Poison Magic   | 1 2 |  2.5
Dodging        | 5 |  5.6
Stealth        | 5 |  5.2
Summonings     | |  7.6

Action                   |  1- 3 |  4- 6 |  7- 9 || total
-------------------------+-------+-------+-------++-------
Melee: Dagger            |   122 |   120 |    66 ||   308
       Bite              |    11 |    10 |     8 ||    29
 Cast: Summon Small Mamm |    52 |     7 |       ||    59
       Call Imp          |     6 |    41 |    28 ||    75
       Call Canine Famil |     4 |    23 |    14 ||    41
  Use: Potion            |     2 |     1 |     3 ||     6
       Scroll            |       |     7 |     6 ||    13
 Stab: Sleeping          |     4 |     1 |     2 ||     7
       Distracted        |     3 |       |       ||     3
       Invisible         |       |       |     1 ||     1
Armor: Robe              |    28 |    35 |    20 ||    83
Dodge: Dodged            |   104 |   105 |    41 ||   250

Table legend: (Time is in decaauts)
 A = Elapsed time spent in this place.
 B = Non-inter-level travel time spent in this place.
 C = Inter-level travel time spent in this place.
 D = Time resting spent in this place.
 E = Time spent auto-exploring this place.
 F = Levels seen in this place.
 G = Mean time per level.
                   A        B        C        D        E       F      G
               +--------+--------+--------+--------+--------+-----+--------+
         Total |   8079 |   7960 |    119 |    623 |   5771 |   9 |  897.7 |
       Dungeon |   6729 |   6610 |    119 |    277 |   5185 |   7 |  961.3 |
         Sewer |    875 |    875 |      0 |      0 |    585 |   1 |  875.0 |
        Bailey |    474 |    474 |      0 |    346 |      0 |   1 |  474.0 |
               +--------+--------+--------+--------+--------+-----+--------+

Top non-repeatable levels by time:
     D:1: 1307 daAuts
     D:2: 1242 daAuts
     D:6: 1202 daAuts
     D:5: 1129 daAuts
     D:4: 947 daAuts
   Sewer: 875 daAuts
     D:3: 721 daAuts
  Bailey: 474 daAuts
     D:7: 178 daAuts
